 Dungeon Crawl Stone Soup version 0.17-a0-1951-g62301d3 (webtiles) character file.

499757 Ijustatesigmund the Slayer (level 24, 0/236 HPs)
             Began as a Minotaur Berserker on Oct 1, 2015.
             Was a High Priest of Trog.
             Slain by an ettin
             ... wielding a +0 dire flail
              (14 damage)
             ... while paralysed by a sphinx
             ... on level 4 of the Depths on Oct 2, 2015.
             The game lasted 03:35:23 (49144 turns).

Ijustatesigmund the Slayer (Minotaur Berserker)    Turns: 49144, Time: 03:35:23

Health: 0/236      AC: 13    Str: 32      XL:     24   Next: 2%
Magic:  39/39      EV:  2    Int:  3 (4)  God:    Trog [*****.]
Gold:   3722       SH:  0    Dex: 24      Spells: 0 memorised, 23 levels left

rFire  + + +     SeeInvis .     r - +7 eveningstar (crush)
rCold  + . .     Clarity  +     k - +7 pearl dragon armour
rNeg   + + .     SustAt   .     Z - +5 large shield of Pleasant Breezes {+Inv rF+ rN+}
rPois  .         Gourm    .     (helmet unavailable)
rElec  +         Spirit   .     K - +2 cloak of Kooss {rElec rF+ Regen+ MP+9}
rCorr  .         Warding  .     R - +2 pair of gloves {Dex+3}
rMut   +         Stasis   .     a - +0 pair of boots {Stlth+}
MR     +....                    P - amulet of resist mutation
Stlth  ++++......               s - ring of Tyetadd {+Blink rF+ Str+3}
                                G - ring of protection from cold

@: paralysed, exhausted, corroded equipment, slowed, studying Armour, somewhat
resistant to hostile enchantments, stealthy
A: retaliatory headbutt, horns 3, thin skeletal structure 1, blurry vision 1,
clarity, deterioration 1, fire resistance 1, strong 2
a: Burn Spellbooks, Berserk, Trog's Hand, Brothers in Arms, Renounce Religion,
Evoke Blink, Evoke Invisibility
}: 2/15 runes: serpentine, silver


You were on level 4 of the Depths.
You worshipped Trog.
Trog was extremely pleased with you.
You were not hungry.

You visited 7 branches of the dungeon, and saw 44 of its levels.
You visited the Abyss 2 times.
You also visited: Ice Cave, Volcano and Wizlab.

You collected 7994 gold pieces.
You spent 4272 gold pieces at shops.

Inventory:

Hand weapons
 r - a +7 eveningstar of crushing (weapon)
 B - a +5 demon whip of distortion
Missiles
 L - 11 silver javelins
 Y - 7 javelins of penetration (quivered)
Armour
 a - a +0 pair of boots of stealth (worn)
 k - a +7 pearl dragon armour (worn)
 K - the +2 cloak of Kooss (worn) {rElec rF+ Regen+ MP+9}
   (You found it on level 2 of the Depths)

   It protects you from fire.
   It insulates you from electricity.
   It affects your magic capacity (+9).
   It increases your rate of regeneration.
 R - a +2 pair of gloves of dexterity (worn)
 W - the +3 cloak of Kibysch {Regen+ rCorr Str-3 Slay+6}
   (You bought it in a shop on level 1 of the Vaults)

   It affects your strength (-3).
   It affects your accuracy and damage with ranged weapons and melee attacks
   (+6).
   It increases your rate of regeneration.
   It protects you from acid and corrosion.
 Z - the +5 large shield of Pleasant Breezes (worn) {+Inv rF+ rN+}
   (You took it off Louise on level 2 of the Elven Halls)

   It protects you from fire.
   It protects you from negative energy.
   It lets you turn invisible.
Jewellery
 j - an uncursed ring of positive energy
 o - an uncursed ring of poison resistance
 s - the ring of Tyetadd (right hand) {+Blink rF+ Str+3}
   (You took it off a yaktaur captain on level 5 of the Vaults)

   [ring of protection from fire]

   It affects your strength (+3).
   It protects you from fire.
   It lets you blink.
 C - a cursed -2 ring of protection
 D - a +2 ring of slaying
 G - a ring of protection from cold (left hand)
 N - an uncursed amulet of faith
 P - an amulet of resist mutation (around neck)
 T - an uncursed amulet of resist corrosion
Magical devices
 l - a wand of hasting (2)
 u - a wand of fire (8)
 v - a wand of hasting (5)
 z - a wand of teleportation (4)
 J - a wand of digging (8)
 O - a wand of teleportation (8)
 V - a wand of lightning (6)
 X - a wand of cold (7)
Scrolls
 d - 6 scrolls of recharging
 e - 12 scrolls of teleportation
 g - 6 scrolls of fear
 h - a scroll of holy word
 m - 17 scrolls of remove curse
 y - 2 scrolls of blinking
 E - a scroll of magic mapping
 F - a scroll of summoning
 M - 2 scrolls of fog
 U - 4 scrolls of identify
Potions
 b - 5 potions of might
 f - 6 potions of agility
 n - 19 potions of curing
 q - 2 potions of resistance
 w - 7 potions of brilliance
 x - 6 potions of flight
 A - 2 potions of invisibility
 I - a potion of haste
 Q - 4 potions of heal wounds
 S - 3 potions of cure mutation
Books
 p - a manual of Armour
Miscellaneous
 H - a phantom mirror
Comestibles
 c - 10 bread rations
 i - 21 meat rations


   Skills:
 - Level 23.6 Fighting
 - Level 21.4 Maces & Flails
 + Level 11.9 Throwing
 * Level 23.5 Armour
 - Level 16.0 Dodging
 - Level 10.1 Stealth
 - Level 19.0 Shields
 - Level 11.0 Evocations


You had 23 spell levels left.
You didn't know any spells.

Dungeon Overview and Level Annotations

Branches:
Dungeon (15/15)            Temple (0/1) D:4            Lair (8/8) D:8
 Shoals (0/4) Lair:3        Snake (4/4) Lair:4          Orc (4/4) D:12
    Elf (3/3) Orc:4        Vaults (5/5) D:13          Crypt (0/3) Vaults:2
 Depths (5/5) D:15
  Slime: Lair:6-8       Zot: Depths:5

Altars:
Cheibriados
Dithmenos
Gozag
Makhleb
Nemelex Xobeh
Okawaru
Qazlal
Ru
Sif Muna
Trog
Vehumet
Xom
Yredelemnul
Zin
Beogh
Lugonu

Shops:
D:5 =(([=   D:7 !   D:8 (   D:9 *   Orc:2 %   Orc:3 !   Orc:4 *:(!   Elf:2 (
Snake:1 =   Vaults:1 [   Vaults:4 :   Depths:4 (

Portals:
Hell: Depths:1 Depths:2 Depths:3 Depths:4
Abyss: Depths:3
Pandemonium: Depths:1 Depths:3 Depths:4
Ziggurat: Depths:3

Annotations:
Lair:6 exclusion: 2 oklob plants
Depths:2 exclusion: ice statue


Innate Abilities, Weirdness & Mutations

You reflexively headbutt those who attack you in melee.
You have a pair of large horns on your head.
You have a somewhat thin skeletal structure (Dex +2, Stealth).
Scrolls take you a little longer to read.
You possess an exceptional clarity of mind.
Your body sometimes deteriorates upon taking damage.
Your flesh is heat resistant.
Your muscles are very strong. (Str +4)


Message History

The ettin hits you with a dire flail.
* * * LOW HITPOINT WARNING * * *
The deep troll bites you!
* * * LOW HITPOINT WARNING * * *
The deep troll claws you but does no damage. x2
A small abomination comes into view.
You are no longer berserk.
You feel yourself slow down. The deep troll bites you!
* * * LOW HITPOINT WARNING * * *
The deep troll claws you!
* * * LOW HITPOINT WARNING * * *
The deep troll claws you!
* * * LOW HITPOINT WARNING * * *
The deep elf death mage hits you but does no damage.
The yaktaur captain hits you.
* * * LOW HITPOINT WARNING * * *
The small abomination hits you!
* * * LOW HITPOINT WARNING * * *
The ettin hits you with a dire flail!
You die...

.........
#.......##
.........#
......... #.
......... #...
#.....JD##
#...#
.....HTec##
#...#
#..pT@x.###...#
##.#C.x..#...#
##.......#
##.....##
#.....##
#.......##
#...#...?.##
#...###.#†..##
## #...#
##...## ..


You could see an ice dragon, a sphinx, a yaktaur captain, an entropy weaver, a
deep elf death mage, an ettin, a slime creature, 2 deep trolls and a small
abomination.

Vanquished Creatures
  A juggernaut (Depths:4)
  Frederick (Vaults:2)
  4 golden dragons
  Nikola (Elf:1)
  Xtahua (Vaults:2)
  A lich (Depths:3)
  Rupert (D:13)
  4 tentacled monstrosities
  2 titans
  4 quicksilver dragons
  3 deep elf blademasters
  3 deep elf master archers
  An octopode crusher (Depths:1)
  Gastronok (D:12)
  3 tentacled starspawn (Abyss:1)
  6 shadow dragons
  5 sphinxes
  Kirke (D:13)
  3 storm dragons
  A tengu reaver (Vaults:4)
  Roxanne (Elf:3)
  8 fire giants
  9 frost giants
  Donald (Elf:2)
  8 greater nagas
  An iron dragon (Depths:3)
  16 vault wardens
  4 deep elf sorcerers
  3 balrugs (Abyss:1)
  Louise (Elf:2)
  10 ironheart preservers
  A ghoul (D:14)
  4 spriggan defenders
  4 war gargoyles
  10 very ugly things
  22 stone giants
  2 reapers
  A juggernaut skeleton (Depths:4)
  A salamander firebrand (Depths:2)
  5 deep elf annihilators
  7 deep elf demonologists
  2 salamander stormcallers
  Azrael (Elf:1)
  2 vampire knights
  A white draconian (IceCv)
  6 purple draconians (WizLab)
  A lorocyproca (Abyss:1)
  10 ettins
  Snorg (Lair:6)
  A merfolk javelineer (Depths:1)
  6 fire dragons
  A blizzard demon (Depths:2)
  40 vault guards
  10 yaktaur captains
  7 deep elf death magi
  Josephine (Orc:4)
  An entropy weaver (shapeshifter) (Vaults:5)
  10 great orbs of eyes
  7 deep elf high priests
  2 rakshasas
  A catoblepas (Lair:8)
  Harold (Orc:1)
  Erolcha (D:12)
  15 naga warriors
  A hell beast (Depths:3)
  A ghost crab (shapeshifter) (Vaults:3)
  9 hydras
  3 ice dragons
  6 entropy weavers
  An anaconda (shapeshifter) (Depths:3)
  A spriggan air mage (Depths:3)
  A monstrous demonspawn (Depths:4)
  A juggernaut simulacrum (Depths:2)
  8 anacondas
  7 centaur warriors
  9 statues (WizLab)
  A satyr (shapeshifter) (Depths:3)
  11 ogre magi
  13 dancing weapons (Elf:2)
  An alligator snapping turtle (shapeshifter) (Vaults:2)
  7 death yaks (Lair:8)
  7 deep troll earth magi
  11 tengu warriors
  5 deep troll shamans
  9 starcursed masses (Abyss:1)
  3 spriggan berserkers
  A queen ant (D:13)
  Urug (Lair:1)
  2 vampire magi
  An orc high priest (Elf:1)
  5 shock serpents
  Sonja (D:12)
  Nergalle (Orc:1)
  4 sun demons
  2 iron trolls
  17 naga sharpshooters
  21 deep elf knights
  A fire crab (Vaults:3)
  A wretched star (Abyss:1)
  A death drake (Abyss:1)
  29 slime creatures
  5 soul eaters
  2 hell knights
  4 skeletal warriors
  2 ice devils (Depths:2)
  An unseen horror (D:10)
  5 salamander mystics
  A lindwurm (shapeshifter) (Vaults:3)
  2 sea snakes (Snake:3)
  A flayed ghost (Depths:3)
  3 harpies (Vaults:3)
  18 deep trolls
  4 giant orange brains
  An ice statue (IceCv)
  A lindwurm (Lair:5)
  2 quicksilver dragon simulacra
  6 naga ritualists
  3 wizards
  19 ironbrand convokers
  3 necromancers
  10 orc knights
  10 deep elf conjurers
  5 hill giants
  7 deep elf summoners
  2 wolf spiders
  An oklob plant (Lair:3)
  9 griffons
  2 phantasmal warriors (Vaults:5)
  A frost giant zombie (Depths:4)
  3 manticores
  62 ugly things
  13 salamanders
  8 mana vipers
  A mana viper (shapeshifter) (Vaults:4)
  3 human zombies (Vaults:1)
  3 orc sorcerers
  A sphinx skeleton (Vaults:1)
  6 cyclopes
  A worldbinder (Abyss:1)
  An apocalypse crab (Abyss:1)
  A fire giant skeleton (Depths:3)
  41 black mambas
  Maurice (D:12)
  8 spiny frogs
  26 naga magi
  Joseph (D:7)
  8 rust devils (Depths:2)
  2 molten gargoyles (Volcano)
  10 vault sentinels
  11 elephants (Lair:8)
  A black mamba (shapeshifter) (Vaults:4)
  3 guardian serpents
  2 elf skeletons (Depths:4)
  2 orange demons
  10 komodo dragons
  3 smoke demons (Abyss:1)
  8 centaur skeletons
  A redback zombie (D:13)
  A komodo dragon (shapeshifter) (Elf:3)
  An efreet (Depths:2)
  40 yaktaurs
  A gargoyle (D:13)
  2 kobold demonologists
  9 deep elf priests
  4 fire drakes
  A demonic crawler (Abyss:1)
  A human skeleton (Vaults:1)
  A guardian mummy (D:14)
  5 tengu conjurers
  A blue devil (Depths:4)
  3 hellwings (Abyss:1)
  An ancient zyme (Abyss:1)
  2 jumping spiders (Depths:3)
  3 red devils (Depths:2)
  19 polar bears
  18 blink frogs
  16 two-headed ogres
  8 trolls
  A stone giant simulacrum (Vaults:1)
  9 freezing wraiths
  A two-headed ogre (shapeshifter) (Elf:1)
  A blink frog (shapeshifter) (Vaults:1)
  2 human simulacra
  An ettin zombie (Abyss:1)
  4 boulder beetles
  6 raiju (Abyss:1)
  18 redbacks
  3 flying skulls
  3 tarantellas
  5 spriggans
  10 wraiths
  A fire giant simulacrum (Depths:2)
  5 basilisks
  32 deep elf magi
  An ice dragon skeleton (Vaults:1)
  2 neqoxecs (Abyss:1)
  71 yaks
  7 shadows
  5 fire elementals (Elf:1)
  2 hogs (D:13)
  A golden eye (Abyss:1)
  A human (shapeshifter) (Depths:2)
  4 water elementals (Depths:1)
  49 deep elf fighters
  2 vampires
  4 chaos spawn (Abyss:1)
  7 fire bats
  A wyvern (D:9)
  2 elf zombies (Vaults:1)
  43 nagas
  2 hungry ghosts
  9 hippogriffs
  12 vampire mosquitoes
  A steam dragon (Lair:5)
  6 mottled dragons
  Edmund (D:5)
  6 wargs
  17 water moccasins
  An ogre skeleton (Vaults:1)
  10 porcupines
  9 hell hounds
  27 wolves
  4 large abominations (Abyss:1)
  20 soldier ants (D:13)
  12 ice beasts
  48 orc warriors
  16 boggarts
  4 black bears
  A phantom (D:4)
  A spriggan simulacrum (Depths:2)
  A swamp drake (Lair:5)
  2 eyes of draining (Depths:3)
  5 sky beasts
  An eye of draining (shapeshifter) (Vaults:2)
  A necrophage (D:9)
  An ogre (shapeshifter) (Depths:4)
  16 centaurs
  5 wasps
  52 ogres
  A brain worm (Abyss:1)
  9 crocodiles
  A big kobold (shapeshifter) (Vaults:3)
  2 big kobolds (D:12)
  A wyvern zombie (D:14)
  28 giant frogs
  2 scorpions
  8 killer bees (D:9)
  8 small abominations (Abyss:1)
  8 wights (D:11)
  6 crimson imps
  A jelly (D:10)
  3 lava snakes (Volcano)
  10 centaur zombies
  Ijyb (D:3)
  3 giant frog skeletons
  9 hounds
  13 iguanas
  24 orc priests
  33 orc wizards
  Natasha (thrice) (D:2)
  25 worker ants
  5 sheep (Lair:8)
  2 hound zombies
  2 mummies (D:14)
  Robin (D:2)
  7 gnolls (D:7)
  13 adders
  87 river rats
  4 shadow imps
  A white imp (Abyss:1)
  An adder zombie (D:8)
  An ooze (D:1)
  A worm (D:4)
  7 giant geckos
  194 orcs
  7 bats
  5 giant cockroaches
  28 goblins
  8 hobgoblins
  17 jackals
  19 kobolds
  6 quokkas
  2 giant gecko skeletons
  8 giant newts
  A quokka skeleton (D:5)
  4 rats
  2 bushes (Lair:3)
  6 fire vortices
  A fungus (Lair:7)
  2 plants
  3 starspawn tentacles (Abyss:1)
2245 creatures vanquished.

Vanquished Creatures (collateral kills)
  2 ironheart preservers (Vaults:4)
  A deep elf demonologist (Elf:3)
  2 purple draconians (WizLab)
  A rakshasa (Depths:4)
  A naga warrior (Snake:4)
  2 dancing weapons (Elf:2)
  2 naga sharpshooters (Snake:4)
  A small abomination (Elf:3)
  A deep troll (Vaults:2)
  An ironbrand convoker (Vaults:3)
  An orc knight (Vaults:2)
  A wolf spider (Vaults:4)
  A vault sentinel (Vaults:3)
  3 naga magi (Snake:4)
  A deep elf priest (Elf:1)
  A redback (Vaults:4)
  7 deep elf magi (WizLab)
  2 nagas (Snake:4)
  An ogre (Vaults:3)
32 creatures vanquished.

Vanquished Creatures (others)
  A fire giant (Depths:2)
  A deep elf sorcerer (Elf:3)
  2 vault guards (Vaults:5)
  A dire elephant zombie (Abyss:1)
  A human (D:13)
  A deep elf mage (WizLab)
  A hell hound (Depths:2)
  A boggart (Vaults:3)
  A brain worm (Abyss:1)
  A worker ant (D:13)
  4 orcs (D:13)
  A bat (D:3)
  12 fungi
  7 plants
  5 starspawn tentacles (Abyss:1)
  23 starspawn tentacle segments (Abyss:1)
63 creatures vanquished.

Grand Total: 2340 creatures vanquished

Notes
Turn   | Place    | Note
--------------------------------------------------------------
     0 | D:1      | Ijustatesigmund the Minotaur Berserker began the quest for the Orb.
     0 | D:1      | Reached XP level 1. HP: 19/19 MP: 0/0
   358 | D:1      | Reached skill level 4 in Maces & Flails
   382 | D:1      | Reached XP level 2. HP: 27/27 MP: 1/1
   550 | D:1      | Acquired Trog's second power
   780 | D:2      | Noticed Natasha
   782 | D:2      | Reached XP level 3. HP: 33/33 MP: 2/2
   785 | D:2      | Killed Natasha
   789 | D:2      | Reached skill level 5 in Maces & Flails
   918 | D:2      | Noticed Robin
   927 | D:2      | Reached XP level 4. HP: 31/41 MP: 3/3
   940 | D:2      | Killed Robin
  1023 | D:2      | Noticed Natasha
  1026 | D:2      | Killed Natasha
  1125 | D:2      | Reached skill level 5 in Fighting
  1250 | D:2      | Noticed Natasha
  1255 | D:2      | Killed Natasha
  1352 | D:2      | Reached skill level 6 in Maces & Flails
  1352 | D:2      | Reached XP level 5. HP: 41/48 MP: 4/4
  1733 | D:4      | Reached skill level 7 in Maces & Flails
  1772 | D:5      | Entered Level 5 of the Dungeon
  1773 | D:5      | Found a radiant altar of Vehumet.
  1774 | D:5      | Found Otor's Armour Emporium.
  1783 | D:5      | Reached XP level 6. HP: 44/56 MP: 5/5
  1831 | D:4      | Found a staircase to the Ecumenical Temple.
  1850 | D:4      | Noticed an ogre
  1855 | D:4      | Killed an ogre
  1856 | D:4      | Noticed a phantom
  1868 | D:4      | Killed a phantom
  1936 | D:4      | Gained mutation: You have a pair of large horns on your head. [potion of beneficial mutation]
  2084 | D:4      | Reached skill level 8 in Maces & Flails
  2084 | D:4      | Reached XP level 7. HP: 40/63 MP: 6/6
  2368 | D:3      | Noticed Ijyb
  2375 | D:3      | Killed Ijyb
  2462 | D:3      | Acquired Trog's third power
  2566 | D:3      | Found a shimmering altar of Xom.
  2892 | D:5      | Received a gift from Trog
  2922 | D:5      | Noticed a centaur
  2924 | D:5      | Killed a centaur
  2924 | D:5      | Reached skill level 9 in Maces & Flails
  2990 | D:5      | Found a sparkling altar of Nemelex Xobeh.
  3045 | D:5      | Found Nocla's Antique Weapon Shop.
  3119 | D:5      | Noticed Edmund
  3123 | D:5      | Killed Edmund
  3123 | D:5      | Reached XP level 8. HP: 73/73 MP: 7/7
  3211 | D:5      | Found Ivuyluh's Jewellery Shoppe.
  3228 | D:5      | Found Texirgh's Weapon Boutique.
  3336 | D:5      | Found Carrauve's Jewellery Shoppe.
  3584 | D:6      | Reached skill level 10 in Maces & Flails
  3765 | D:6      | Found an opulent altar of Gozag.
  4463 | D:7      | Reached skill level 11 in Maces & Flails
  4599 | D:7      | Noticed Joseph
  4606 | D:7      | Killed Joseph
  4606 | D:7      | Reached XP level 9. HP: 83/83 MP: 8/8
  4813 | D:7      | Reached skill level 12 in Maces & Flails
  4894 | D:5      | Bought a steaming great mace for 322 gold pieces
  4894 | D:5      | Identified the +12 great mace "Itoonn" {drain, rC+ Int+2} (You bought it in a shop on level 5 of the Dungeon)
  5063 | D:7      | Found Ilown's Distillery.
  5257 | D:8      | Found a stormy altar of Qazlal.
  5260 | D:8      | Reached skill level 5 in Armour
  5276 | D:8      | Found Enesyur's Antique Weapon Emporium.
  5392 | D:8      | Reached skill level 10 in Fighting
  5637 | D:8      | Found a glowing silver altar of Zin.
  5647 | D:8      | Found a bloodstained altar of Trog.
  5664 | D:8      | Found a staircase to the Lair.
  5665 | D:8      | Noticed a komodo dragon
  5675 | D:8      | Killed a komodo dragon
  5817 | Lair:1   | Entered Level 1 of the Lair of Beasts
  5876 | Lair:1   | Reached XP level 10. HP: 90/94 MP: 9/9
  5884 | Lair:1   | Noticed a seven-headed hydra
  5887 | Lair:1   | Killed a seven-headed hydra
  5959 | Lair:1   | Reached skill level 13 in Maces & Flails
  5985 | Lair:1   | Noticed a five-headed hydra
  5991 | Lair:1   | Killed a five-headed hydra
  6039 | Lair:1   | Received a gift from Trog
  6269 | Lair:1   | Noticed Urug
  6279 | Lair:1   | Killed Urug
  6976 | Lair:2   | Reached XP level 11. HP: 76/104 MP: 10/10
  7179 | Lair:2   | Reached skill level 14 in Maces & Flails
  7483 | Lair:2   | Reached skill level 10 in Armour
  7924 | Lair:3   | Received a gift from Trog
  7938 | Lair:3   | Found a staircase to the Shoals.
  8791 | Lair:3   | Reached skill level 15 in Maces & Flails
  9047 | Lair:4   | Reached XP level 12. HP: 111/115 MP: 11/11
  9123 | Lair:4   | Found a staircase to the Snake Pit.
  9854 | Lair:5   | Noticed a seven-headed hydra
  9862 | Lair:5   | Killed a seven-headed hydra
  9874 | Lair:5   | Received a gift from Trog
  9986 | Lair:5   | Found a dark tunnel.
  9995 | Volcano  | Entered a volcano
 10237 | Volcano  | Found a bloodstained altar of Trog.
 10471 | Lair:5   | Reached skill level 16 in Maces & Flails
 11038 | Lair:6   | Reached skill level 15 in Fighting
 11160 | Lair:6   | Reached XP level 13. HP: 104/126 MP: 12/12
 11332 | Lair:6   | Noticed Snorg
 11339 | Lair:6   | Killed Snorg
 11546 | Lair:6   | Received a gift from Trog
 12127 | Lair:7   | Received a gift from Trog
 12139 | Lair:7   | Got a crystal dire flail {god gift}
 12140 | Lair:7   | Identified the +11 dire flail of Disorder {drain, -Tele rC+ MR+ Dex+5} (Trog gifted it to you on level 7 of the Lair of Beasts)
 12543 | Lair:8   | Entered Level 8 of the Lair of Beasts
 12549 | Lair:8   | Reached skill level 17 in Maces & Flails
 12608 | Lair:8   | Reached skill level 5 in Dodging
 12644 | Lair:8   | Found a frozen archway.
 12705 | IceCv    | Entered an ice cave
 13113 | IceCv    | Reached XP level 14. HP: 128/137 MP: 13/13
 13174 | IceCv    | Noticed a white draconian
 13185 | IceCv    | Received a gift from Trog
 13195 | IceCv    | Killed a white draconian
 13387 | IceCv    | Gained mutation: You have a somewhat thin skeletal structure (Dex +2, Stealth). [potion of beneficial mutation]
 13388 | IceCv    | Gained mutation: Your muscles are strong. (Str +2) [potion of beneficial mutation]
 13389 | IceCv    | Gained mutation: Your flesh is heat resistant. [potion of beneficial mutation]
 14296 | Lair:8   | Reached skill level 15 in Armour
 14535 | Lair:8   | Got a brightly glowing ivory ring
 14539 | Lair:8   | Identified the ring of Attataw {EV+5 Int+5 Slay-5} (You found it on level 8 of the Lair of Beasts)
 14615 | Lair:8   | Reached skill level 18 in Maces & Flails
 15138 | D:9      | Found a sacrificial altar of Ru.
 15214 | D:9      | Found a shadowy altar of Dithmenos.
 15223 | D:9      | Received a gift from Trog
 15227 | D:9      | Got an iridescent quarterstaff {god gift}
 15228 | D:9      | Identified the +7 quarterstaff of Dismemberment {crush, rF+ Dex+6} (Trog gifted it to you on level 9 of the Dungeon)
 15288 | D:9      | Found a roughly hewn altar of Beogh.
 15429 | D:9      | Found Aplag's Assorted Antiques.
 15434 | D:9      | Bought a glowing filigree amulet for 125 gold pieces
 15434 | D:9      | Bought a scroll of teleportation for 75 gold pieces
 15614 | D:9      | Found an iron altar of Okawaru.
 15614 | D:9      | Found a basalt altar of Yredelemnul.
 15750 | D:10     | Entered Level 10 of the Dungeon
 16033 | D:10     | Received a gift from Trog
 16044 | D:10     | Got a slimy dire flail {god gift}
 16045 | D:10     | Identified the +4 dire flail "Pabuxt" {drain, rElec} (Trog gifted it to you on level 10 of the Dungeon)
 16503 | D:9      | Bought an emerald ring for 125 gold pieces
 16603 | D:7      | Bought a potion of heal wounds for 70 gold pieces
 16603 | D:7      | Bought a potion of haste for 140 gold pieces
 16993 | D:11     | Found a sacrificial altar of Ru.
 17327 | D:12     | Noticed Gastronok
 17338 | D:12     | Killed Gastronok
 17354 | D:12     | Noticed Sonja
 17360 | D:12     | Reached XP level 15. HP: 121/147 MP: 14/14
 17364 | D:12     | Killed Sonja
 17791 | D:12     | Found a staircase to the Orcish Mines.
 17828 | D:12     | Noticed Erolcha
 17834 | D:12     | Killed Erolcha
 17834 | D:12     | Received a gift from Trog
 17869 | D:12     | Noticed Maurice
 17879 | D:12     | Killed Maurice
 17985 | D:12     | Found an opulent altar of Gozag.
 18130 | Orc:1    | Entered Level 1 of the Orcish Mines
 18240 | Orc:1    | Noticed Nergalle
 18246 | Orc:1    | Killed Nergalle
 18400 | Orc:1    | Noticed Harold
 18409 | Orc:1    | Killed Harold
 18420 | Orc:1    | Received a gift from Trog
 18875 | Orc:2    | Found Wakual's Food Shoppe.
 18972 | Orc:2    | Received a gift from Trog
 19000 | Orc:2    | Found a burning altar of Makhleb.
 19255 | Orc:3    | Found Ythor's Distillery.
 19265 | Orc:3    | Bought 2 potions of beneficial mutation for 910 gold pieces
 19265 | Orc:3    | Gained mutation: You possess an exceptional clarity of mind. [potion of beneficial mutation]
 19266 | Orc:3    | Gained mutation: Your muscles are very strong. (Str +4) [potion of beneficial mutation]
 19869 | Orc:4    | Entered Level 4 of the Orcish Mines
 19882 | Orc:4    | Received a gift from Trog
 19891 | Orc:4    | Found a staircase to the Elven Halls.
 20032 | Orc:4    | Noticed Josephine
 20038 | Orc:4    | Killed Josephine
 20563 | Orc:4    | Found Vuivery's Weapon Boutique.
 20563 | Orc:4    | Found Naxivodwial's Book Shoppe.
 20566 | Orc:4    | Found Qogiv's General Store.
 20569 | Orc:4    | Found Ceargh's Distillery.
 20577 | Orc:4    | Received a gift from Trog
 20607 | Orc:4    | Bought a scroll of enchant armour for 97 gold pieces
 20607 | Orc:4    | Bought a scroll of teleportation for 39 gold pieces
 20607 | Orc:4    | Bought a scroll of enchant armour for 97 gold pieces
 20907 | Elf:1    | Entered Level 1 of the Elven Halls
 20954 | Elf:1    | Noticed Azrael
 20962 | Elf:1    | Killed Azrael
 20978 | Elf:1    | Reached skill level 19 in Maces & Flails
 21022 | Elf:1    | Found a deep blue altar of Sif Muna.
 21213 | Elf:1    | Noticed Nikola
 21222 | Elf:1    | Killed Nikola
 21856 | Elf:2    | Found Butso's Antique Weapon Boutique.
 21862 | Elf:2    | Received a gift from Trog
 21940 | Elf:2    | Found a runed gate.
 21940 | Elf:2    | Found a runed gate.
 21942 | Elf:2    | Found a runed gate.
 21952 | Elf:2    | Noticed a deep elf blademaster
 21956 | Elf:2    | Killed a deep elf blademaster
 21989 | Elf:2    | Noticed Louise
 22038 | Elf:2    | Killed Louise
 22042 | Elf:2    | Reached XP level 16. HP: 102/159 MP: 15/15
 22048 | Elf:2    | Got a spiked large shield
 22070 | Elf:2    | Noticed Donald
 22075 | Elf:2    | Killed Donald
 22153 | Elf:2    | Reached skill level 20 in Maces & Flails
 22318 | Elf:2    | Received a gift from Trog
 22396 | Elf:2    | Received a gift from Trog
 22401 | Elf:2    | Got a transparent greatsling {god gift}
 22596 | Elf:2    | Cast into the Abyss (a deep elf demonologist)
 22723 | Abyss:1  | Noticed a tentacled starspawn
 22728 | Abyss:1  | Killed a tentacled starspawn
 22768 | Abyss:1  | Gained mutation: Your body sometimes deteriorates upon taking damage. [a neqoxec]
 22970 | Abyss:1  | Noticed a tentacled starspawn
 22981 | Abyss:1  | Killed a tentacled starspawn
 23088 | Abyss:1  | Found a corrupted altar of Lugonu.
 23273 | Abyss:1  | Found a corrupted altar of Lugonu.
 23319 | Elf:2    | Escaped the Abyss
 23465 | Elf:3    | Entered Level 3 of the Elven Halls
 23475 | Elf:2    | Identified the +5 large shield of Pleasant Breezes {+Inv rF+ rN+} (You took it off Louise on level 2 of the Elven Halls)
 23491 | Elf:2    | Identified the +6 greatsling of Darkness {venom, Str+4 Int+2} (Trog gifted it to you on level 2 of the Elven Halls)
 24118 | Snake:1  | Entered Level 1 of the Snake Pit
 24121 | Snake:1  | Reached skill level 21 in Fighting
 24193 | Snake:1  | Found Lautwepa's Jewellery Emporium.
 24196 | Snake:1  | Received a gift from Trog
 24941 | Snake:2  | Reached XP level 17. HP: 124/176 MP: 16/16
 24954 | Snake:2  | Received a gift from Trog
 24954 | Snake:2  | Reached skill level 22 in Fighting
 26072 | Snake:3  | Received a gift from Trog
 26466 | Snake:4  | Entered Level 4 of the Snake Pit
 26542 | Snake:4  | Received a gift from Trog
 26880 | Snake:4  | Reached skill level 10 in Dodging
 27098 | Snake:4  | Found a deep blue altar of Sif Muna.
 27462 | Snake:4  | Received a gift from Trog
 27692 | Snake:4  | Reached skill level 23 in Fighting
 27903 | Snake:4  | Received a gift from Trog
 27917 | Snake:4  | Reached XP level 18. HP: 101/188 MP: 17/17
 28693 | Snake:4  | Got a serpentine rune of Zot
 29314 | D:13     | Found an opulent altar of Gozag.
 29315 | D:13     | Noticed Kirke
 29322 | D:13     | Killed Kirke
 29417 | D:13     | Received a gift from Trog
 29578 | D:13     | Noticed Rupert
 29593 | D:13     | Killed Rupert
 29809 | D:13     | Received a gift from Trog
 29854 | D:13     | Found a gate to the Vaults.
 29865 | Vaults:1 | Entered Level 1 of the Vaults
 30876 | Vaults:1 | Received a gift from Trog
 31002 | Vaults:1 | Paralysed by a great orb of eyes for 4 turns
 31013 | Vaults:1 | Reached skill level 1 in Shields
 31210 | Vaults:1 | Found Suimo's Antique Armour Emporium.
 31218 | Vaults:1 | Bought a slimy cloak for 285 gold pieces
 31228 | Vaults:1 | Identified the +3 cloak of Kibysch {Regen+ rCorr Str-3 Slay+6} (You bought it in a shop on level 1 of the Vaults)
 31508 | Vaults:1 | Reached skill level 5 in Shields
 31922 | Vaults:2 | Received a gift from Trog
 32066 | Vaults:2 | Noticed Xtahua
 32076 | Vaults:2 | Killed Xtahua
 32201 | Vaults:2 | Reached XP level 19. HP: 196/196 MP: 18/18
 32357 | Vaults:2 | Noticed Frederick
 32371 | Vaults:2 | Killed Frederick
 32486 | Vaults:2 | Found a staircase to the Crypt.
 32701 | Vaults:2 | Received a gift from Trog
 33095 | D:13     | Reached skill level 10 in Shields
 33376 | Orc:4    | Bought a manual of Shields for 1987 gold pieces
 34728 | Vaults:3 | Received a gift from Trog
 34797 | Vaults:3 | Paralysed by a great orb of eyes for 2 turns
 34804 | Vaults:3 | Paralysed by a great orb of eyes for 7 turns
 35019 | Vaults:3 | Reached skill level 15 in Shields
 35022 | Vaults:3 | Received a gift from Trog
 36051 | Vaults:4 | Received a gift from Trog
 36381 | Vaults:4 | Reached XP level 20. HP: 199/204 MP: 19/19
 36401 | Vaults:4 | Reached skill level 1 in Throwing
 36404 | Vaults:4 | Reached skill level 1 in Evocations
 36427 | Vaults:4 | Found Wavesu's Book Emporium.
 36557 | Vaults:4 | Received a gift from Trog
 37133 | Vaults:5 | Entered Level 5 of the Vaults
 37394 | D:14     | Found an iron altar of Okawaru.
 37557 | D:14     | Reached skill level 5 in Throwing
 37570 | D:14     | Received a gift from Trog
 37669 | D:14     | Reached skill level 5 in Evocations
 38052 | D:15     | Entered Level 15 of the Dungeon
 38168 | D:15     | Found a staircase to the Depths.
 38606 | D:15     | Received a gift from Trog
 38805 | Depths:1 | Entered Level 1 of the Depths
 39037 | Depths:1 | Received a gift from Trog
 39123 | Depths:1 | Received a gift from Trog
 39130 | Depths:1 | Found a gateway to Hell.
 39237 | Depths:1 | Found a one-way gate leading to the halls of Pandemonium.
 39663 | Depths:1 | Received a gift from Trog
 39681 | Depths:1 | Got a bloodstained dagger {god gift}
 39682 | Depths:1 | Identified the +10 dagger of Decwa {speed, *Noise rPois Dex+8} (Trog gifted it to you on level 1 of the Depths)
 39953 | Depths:2 | Reached XP level 21. HP: 212/212 MP: 26/26
 40048 | Depths:2 | Found a shadowy altar of Dithmenos.
 40142 | Depths:2 | Reached skill level 10 in Throwing
 40184 | Depths:2 | Received a gift from Trog
 40307 | Depths:2 | Found a snail-covered altar of Cheibriados.
 40460 | Depths:2 | Received a gift from Trog
 40466 | Depths:2 | Reached skill level 10 in Evocations
 40695 | Depths:2 | Received a gift from Trog
 40759 | Depths:2 | Got a faintly humming cloak
 40805 | Depths:2 | Identified the +2 cloak of Kooss {rElec rF+ Regen+ MP+9} (You found it on level 2 of the Depths)
 40865 | Depths:2 | Found a radiant altar of Vehumet.
 41008 | Depths:2 | Identified a scroll of acquirement
 41026 | Depths:2 | Found a stormy altar of Qazlal.
 41144 | Depths:2 | Noticed a golden dragon
 41149 | Depths:2 | Killed a golden dragon
 41220 | Depths:2 | Received a gift from Trog
 41341 | Depths:3 | Found a corrupted altar of Lugonu.
 41342 | Depths:3 | Found a one-way gate to the infinite horrors of the Abyss.
 41400 | Depths:3 | Received a gift from Trog
 41451 | Depths:3 | Found a magical portal.
 41462 | WizLab   | Entered Iskenderun's Mystic Tower
 41566 | WizLab   | Received a gift from Trog
 41967 | WizLab   | Reached XP level 22. HP: 221/221 MP: 28/28
 42133 | Depths:3 | Found a gateway to a ziggurat.
 42511 | Depths:3 | Received a gift from Trog
 42893 | Depths:3 | Received a gift from Trog
 42916 | Depths:3 | Upgraded the game from 0.17-a0-1946-gfb768fe to 0.17-a0-1951-g62301d3
 42943 | Depths:3 | Got a bloodstained ring mail
 42954 | Depths:3 | Identified the +6 ring mail of Vehumet's Generosity {-Tele +Inv +Fly Int+4} (You found it on level 3 of the Depths)
 43473 | Depths:4 | Found Ewosh's Antique Weapon Shoppe.
 43541 | Depths:5 | Entered Level 5 of the Depths
 43547 | Depths:5 | Noticed a juggernaut
 44128 | Vaults:3 | Reached skill level 15 in Dodging
 44297 | Vaults:5 | Received a gift from Trog
 44796 | Vaults:5 | Noticed a golden dragon
 44801 | Vaults:5 | Received a gift from Trog
 44801 | Vaults:5 | Reached skill level 1 in Stealth
 44810 | Vaults:5 | Killed a golden dragon
 44987 | Vaults:5 | Received a gift from Trog
 45000 | Vaults:5 | Got a silver rune of Zot
 45030 | Vaults:5 | Reached XP level 23. HP: 201/227 MP: 30/30
 45076 | Vaults:5 | Noticed a golden dragon
 45100 | Vaults:5 | Killed a golden dragon
 45156 | Vaults:5 | Reached skill level 5 in Stealth
 45696 | Vaults:5 | Received a gift from Trog
 45865 | Vaults:5 | Got a steaming amber ring
 46066 | Vaults:5 | Got a fine morningstar
 46067 | Vaults:5 | Identified the cursed +0 morningstar "Jeocvok" {vamp, +Blink rN+ SInv} (You found it on level 5 of the Vaults)
 46068 | Vaults:5 | Identified the ring of Tyetadd {+Blink rF+ Str+3} (You took it off a yaktaur captain on level 5 of the Vaults)
 46695 | Elf:3    | Received a gift from Trog
 46745 | Elf:3    | Cast into the Abyss (a deep elf demonologist)
 46787 | Abyss:1  | Gained mutation: Scrolls take you a little longer to read. [a neqoxec]
 46836 | Abyss:1  | Noticed a tentacled starspawn
 46841 | Abyss:1  | Killed a tentacled starspawn
 46956 | Abyss:1  | Paralysed by accursed screaming for 1 turns
 47025 | Elf:3    | Escaped the Abyss
 47238 | Elf:3    | Noticed Roxanne
 47246 | Elf:3    | Killed Roxanne
 47430 | Elf:3    | Received a gift from Trog
 47720 | Elf:3    | Received a gift from Trog
 47790 | Elf:3    | Noticed a deep elf blademaster
 47794 | Elf:3    | Noticed a deep elf master archer
 47796 | Elf:3    | Killed a deep elf blademaster
 47805 | Elf:3    | Killed a deep elf master archer
 47851 | Elf:3    | Got a slimy bone ring
 47854 | Elf:3    | Identified the ring "Hodgha" {+Inv rF+ rC- Int+3 Dex+2} (You found it on level 3 of the Elven Halls)
 47919 | Elf:3    | Noticed a deep elf blademaster
 47928 | Elf:3    | Killed a deep elf blademaster
 47928 | Elf:3    | Reached skill level 10 in Stealth
 47930 | Elf:3    | Noticed a deep elf master archer
 47945 | Elf:3    | Killed a deep elf master archer
 49119 | Depths:4 | Noticed a juggernaut
 49141 | Depths:4 | Killed a juggernaut
 49141 | Depths:4 | Reached XP level 24. HP: 236/236 MP: 30/30
 49141 | Depths:4 | Paralysed by a sphinx for 7 turns
 49144 | Depths:4 | Slain by an ettin

Vault maps used:
D:1:      mrwooster_arrival_statue
D:2:      uniq_natasha, uniq_robin
D:3:      xom_teletrap_fun, first_bread, minmay_misc_feat_cross,
          wad_rectangle_vault, uniq_iyjb
D:4:      minmay_temple_entry_crystal_x
D:5:      lemuel_doored_altar, basic_altar, serial_shops, shop_fountains, shop,
          shop, nicolae_shop_behind_doors, shop, uniq_edmund
D:6:      overflow_temple_1_default
D:7:      serial_shops, nicolae_shop_crystal, serial_park_tiny_pond, the_bakery,
          uniq_joseph
D:8:      overflow_temple_1_default, david_lair_shrubbed, serial_shops, shop,
          hangedman_feature_mirror
D:9:      nicolae_dithmenos_the_darkroom, gammafunk_temple_overflow_wave,
          basic_altar, serial_shops, kennysheep_little_box
D:11:     nicolae_ru_the_path_less_chosen
D:12:     orc_0_dummy, nicolae_gozag_seed_capital, uniq_erolcha, uniq_sonja,
          uniq_maurice, uniq_gastronok
D:13:     grunt_vaults_entry_fortified, basic_altar, minivault_29, uniq_rupert,
          uniq_kirke
D:14:     serial_undead, serial_undead_a, serial_undead_a, serial_undead_a,
          serial_undead_d, grunt_decor_arrowhead, okawaru_ov_weapons_minmay
D:15:     grunt_enter_depths_snipers, hex_medium
Lair:1:   uniq_urug
Lair:3:   minmay_lair_oklob_items, minmay_shoals_entry_beasts,
          grunt_forest_large_clearing_hut
Lair:4:   dummy_snake_entry, grunt_forest_stairs_clearing
Lair:5:   beast_lair_carwin_large_3, nicolae_volcano_entry_vermiform,
          guppyfry_lair_drakes
Lair:6:   minmay_slime_entry_oklob_enclosed, uniq_snorg
Lair:7:   cheibrodos_lair_caveside_slide
Lair:8:   grunt_lair_end_beastmaster, portal_ice_cave_entry_ice_beasts,
          grunt_megastairs_2, lemuel_fruit_fields
Snake:1:  serial_shops, shop_fountains, spider_trap
Snake:2:  grunt_megastairs_3
Snake:3:  serial_bayou_pond_b, lemuel_fruit_tree
Snake:4:  snake_pit, basic_altar, serial_bayou_pond_d, spider_trap,
          nicolae_snake_shapes, basic_stair_grate_trap
Orc:1:    uniq_nergalle, uniq_harold
Orc:2:    serial_shops, shop, bloody_makhleb
Orc:3:    serial_shops, nicolae_shop_trees, nicolae_orc_pool_cavern
Orc:4:    st_orc_rangers, nicolae_orc_crystal_geode, uniq_josephine
Elf:1:    serial_glass, glass_columns_a, glass_columns_a, glass_columns_a,
          glass_columns_c, glass_columns_a, glass_columns_b, glass_columns_b,
          glass_columns_a, basic_altar, evilmike_minifort, uniq_azrael,
          uniq_nikola
Elf:2:    serial_shops, shop, uniq_donald, uniq_louise
Elf:3:    elf_hall_gauntlet_wide, grunt_megastairs_1, uniq_roxanne
Vaults:1: nicolae_vaults_what_the_h, ontoclasm_vaults_bender,
          nicolae_vaults_circle_grid_b, ontoclasm_vaults_fire_temple, v_misc_22,
          grunt_vaults_bifocal, nicolae_vaults_little_squares_1,
          nicolae_vaults_ninety_degrees, v_misc_3,
          ontoclasm_vaults_claustrophobia, v_alt_pattern_4, vaults_room_grid,
          nicolae_vaults_little_squares_4, nicolae_vaults_alarming,
          ontoclasm_vaults_chip, serial_shops, shop
Vaults:2: minmay_crypt_entry_simple_round, v_misc_13, grunt_vaults_hallway_long,
          nicolae_vaults_gold_heap, nicolae_vaults_ring_of_whatevers,
          nicolae_vaults_yaktaur_gun_rack, nicolae_vaults_asterisk,
          vaults_room_hallway, uniq_xtahua, uniq_frederick
Vaults:3: v_misc_19, v_rooms_1, hangedman_vaults_corner_blocks, v_misc_12,
          v_alt_pattern_6, hangedman_vaults_nodes, hangedman_vaults_variations,
          ontoclasm_vaults_chip, vaults_room_hallway, ontoclasm_vaults_idyll,
          nicolae_vaults_little_squares_3, ontoclasm_vaults_twist,
          nicolae_vaults_meeting
Vaults:4: v_misc_28, ontoclasm_vaults_fault, v_misc_5, v_pattern_4,
          vaults_room_stairs_pillars, ontoclasm_vaults_gateway,
          nicolae_vaults_little_ls, vaults_dpeg_cross, serial_shops,
          nicolae_shop_statue_plus
Depths:1: hellmouth_1, pan_entry, minmay_door_square, kennysheep_generic_room_4,
          kennysheep_random_hallway, serial_bayou_shore_a, firewood_loft,
          serial_bayou_shore_b
Depths:2: grunt_profane_halls, hell_entry
Depths:3: cheibrodos_leafed_vault, enter_ziggurat_c, grunt_mini_vestibule,
          abyss_entry_flame_altar, pan_entry, mu_enter_wizlab_4
Depths:4: evilmike_diamond_1, tso_altar, serial_shops, shop,
          rand_demon_pan_entry_7, hell_entry, abyss_entry, serial_bayou_shore_b
Depths:5: evilmike_zot_entry_hall, grunt_pan_entry_spiral, hell_entry,
          minmay_hollow_rounded_squares, uniq_margery
IceCv:    ice_cave_small_giant
Volcano:  volcano_lake
WizLab:   wizlab_iskenderun

Action                   |  1- 3 |  4- 6 |  7- 9 | 10-12 | 13-15 | 16-18 | 19-21 | 22-24 || total
-------------------------+-------+-------+-------+-------+-------+-------+-------+-------++-------
Melee: Mace              |    67 |    12 |       |       |       |       |       |       ||    79
       Whip              |       |    60 |       |       |       |       |       |       ||    60
       Flail             |       |    29 |    91 |       |       |       |       |       ||   120
       Dire flail        |       |       |    99 |       |       |       |       |       ||    99
       Great mace        |       |       |    39 |   405 |  1058 |   957 |       |       ||  2459
       Morningstar       |       |       |       |       |       |   164 |    35 |       ||   199
       Eveningstar       |       |       |       |       |       |       |  1481 |  1090 ||  2571
       Demon whip        |       |       |       |       |       |       |    40 |       ||    40
Throw: Javelin           |       |       |       |       |     3 |     2 |    25 |    20 ||    50
Invok: Berserk           |     1 |     2 |     1 |     2 |     1 |     4 |     3 |     5 ||    19
       Trog's Hand       |       |     1 |       |       |     4 |    10 |     4 |     6 ||    25
       Burn Spellbooks   |       |       |       |       |     1 |     3 |     5 |     7 ||    16
       Brothers in Arms  |       |       |       |       |     2 |     3 |     4 |     2 ||    11
Evoke: Wand              |       |       |       |       |     2 |       |     2 |     6 ||    10
  Use: Scroll            |     5 |     3 |     7 |    12 |    15 |    10 |    19 |    16 ||    87
       Potion            |       |     1 |       |       |    10 |     5 |     2 |     7 ||    25
 Stab: Sleeping          |     1 |       |       |       |       |       |       |     6 ||     7
       Invisible         |       |       |       |       |     1 |       |       |     7 ||     8
       Distracted        |       |       |       |       |       |     2 |     2 |     4 ||     8
  Eat: Chunk             |     1 |     3 |    10 |    11 |    17 |     6 |    10 |     7 ||    65
       Bread ration      |       |     1 |       |       |     2 |     1 |     4 |     2 ||    10
       Fruit             |       |       |     3 |       |     4 |    21 |     3 |       ||    31
       Pizza             |       |       |     1 |     1 |       |     2 |     1 |     2 ||     7
       Beef jerky        |       |       |     1 |       |     1 |     1 |     3 |     2 ||     8
       Royal jelly       |       |       |       |     1 |     1 |       |       |     2 ||     4
       Meat ration       |       |       |       |     1 |     1 |     1 |     1 |     1 ||     5
